 Dungeon Sprint DCSS version 0.32-a0-814-g0968bab981 (webtiles) character file.

Game seed: 14932292254241630407

2438 Pestilence the Blocker (level 9, -3/67 (79) HPs)
             Began as a Gnoll Fighter on Mar 22, 2024.
             Was a Priest of Sif Muna.
             Slain by Harold
             ... wielding a +6 flail of draining
              (16 damage)
             ... in the Dungeon (Sprint IX: "|||||||||||||||||||||||||||||").
             The game lasted 00:02:15 (503 turns).

Pestilence the Blocker (Gnoll Fighter)               Turns: 503, Time: 00:02:16

HP:   -3/67 (79)    AC: 10    Str: 19    XL:     9   Next: 49%
MP:   21/21         EV: 13    Int: 11    God:    Sif Muna [***...]
Gold: 0             SH:  6    Dex: 15    Spells: 24/24 levels left

rFire   . . .        n - +2 scimitar (elec)
rCold   . . .        c - +0 buckler
rNeg    . . .        o - +2 ring mail
rPois   .            (no helmet)
rElec   .            (no cloak)
rCorr   .            (no gloves)
SInv    .            a - +0 pair of boots
Will    .....        (no amulet)
Stlth   +++          p - +3 ring of intelligence
HPRegen 0.31/turn    q - +3 ring of dexterity
MPRegen 0.17/turn

%: no teleportation
@: marked, heavily drained
A: fangs 1, strong nose, distributed training
a: Renounce Religion, Channel Magic, Forget Spell


You were in the Dungeon.
You worshipped Sif Muna.
Sif Muna was most pleased with you.
You visited 1 branch

Inventory:

Hand Weapons
 n - a +2 scimitar of electrocution (weapon)
Armour
 a - a +0 pair of boots (worn)
 c - a +0 buckler (worn)
 o - a +2 ring mail (worn)
Jewellery
 p - a +3 ring of intelligence (left hand)
 q - a +3 ring of dexterity (right hand)
Wands
 m - a wand of light (7)
Scrolls
 j - 2 scrolls of blinking
 l - 2 scrolls of amnesia
Potions
 h - 4 potions of magic
 k - a potion of invisibility


   Skills:
 + Level 10.4 Fighting
 + Level 8.0 Short Blades
 + Level 9.3 Long Blades
 + Level 8.0 Axes
 + Level 8.0 Maces & Flails
 + Level 8.0 Polearms
 + Level 8.0 Staves
 + Level 8.0 Ranged Weapons
 + Level 8.0 Throwing
 + Level 10.4 Armour
 + Level 8.0 Dodging
 + Level 8.0 Stealth
 + Level 10.4 Shields
 + Level 8.0 Unarmed Combat
 + Level 8.0 Spellcasting
 + Level 6.7 Conjurations
 + Level 6.7 Hexes
 + Level 6.7 Summonings
 + Level 6.7 Necromancy
 + Level 6.7 Translocations
 + Level 6.7 Fire Magic
 + Level 6.7 Ice Magic
 + Level 6.7 Air Magic
 + Level 6.7 Earth Magic
 + Level 6.7 Alchemy
 + Level 8.8 Invocations
 + Level 8.0 Evocations
 + Level 7.3 Shapeshifting


You had 24 spell levels left.
You didn't know any spells.
Your spell library was empty.

Dungeon Overview and Level Annotations

Branches:
Dungeon (1/1)

Altars:
Cheibriados
Dithmenos
Elyvilon
Fedhas
Gozag
Hepliaklqana
Kikubaaqudgha
Makhleb
Nemelex Xobeh
Okawaru
Qazlal
Ru
Sif Muna
Trog
Uskayaw
Vehumet
Wu Jian
Xom
Yredelemnul
Zin
The Shining One
Beogh
Jiyva
Lugonu

Annotations:
D Harold


Innate Abilities, Weirdness & Mutations

You have very sharp teeth.
Your uncanny sense of smell can sniff out nearby items.
Your experience applies equally to all skills.


Message History

Your library has no spells.
Harold closely misses you.
You slash Harold! Your bite misses Harold.
Harold is lightly wounded.
Harold hits you with a +6 flail of draining!!
You feel drained.
You hit Harold but do no damage.
Harold is lightly wounded.
Harold hits you with a +6 flail of draining!!
You feel drained.
Unknown command.
You feel better.
Harold hits you with a +6 flail of draining!
You feel drained.
Okay, then.
You don't know any spells.
You slash Harold!
Harold is moderately wounded.
Harold closely misses you.
You hit Harold. You bite Harold, but do no damage.
Harold is moderately wounded.
You barely miss Harold.
Harold is moderately wounded.
Harold hits you with a +6 flail of draining!
* * * LOW HITPOINT WARNING * * *
You feel drained.
* * * LOW HITPOINT WARNING * * *
Harold hits you with a +6 flail of draining.
* * * LOW HITPOINT WARNING * * *
You feel drained.
* * * LOW HITPOINT WARNING * * *
You slash Harold!
Harold is heavily wounded.
Harold points at you and mumbles some strange words.
A sentinel's mark forms upon you.
You slash Harold!
Harold is heavily wounded.
Harold hits you with a +6 flail of draining!
You die...
Harold says, "Time to retire."

∆∆∆∆∆ ∆∆∆∆ ∆ ∆∆∆∆
▓▓▓▓▓▓▓▓▓▓▓▓▓▓▓▓▓
......@@........▓
▓▓▓▓▓▓▓▓▓▓▓▓▓▓▓▓▓▓▓▓▓▓▓▓.▓
.)).[.[.)†.....'()(...'..▓
▓▓▓▓▓▓▓▓▓▓▓▓▓▓▓▓▓▓▓▓▓▓▓▓▓▓


You could see Harold.

Vanquished Creatures
  A two-headed ogre (D)
  2 cyclopes (D)
  An ugly thing (D)
  A kobold demonologist (D)
  A yak (D)
  A steam dragon (D)
  2 centaurs (D)
  A killer bee (D)
  A howler monkey (D)
  An orc priest (D)
  An iguana (D)
  An adder (D)
  A shadow imp (D)
  An orc (D)
  An endoplasm (D)
  A giant cockroach (D)
  2 quokkas (D)
  2 kobolds (D)
22 creatures vanquished.

Notes
Turn   | Place    | Note
-------+----------+-------------------------------------------
     0 | D        | Pestilence the Gnoll Fighter began the quest for the Orb.
     0 | D        | Reached XP level 1. HP: 23/23 MP: 1/1
    25 | D        | Reached skill level 1 in Invocations
    32 | D        | Reached skill level 1 in Short Blades
    32 | D        | Reached skill level 1 in Axes
    32 | D        | Reached skill level 1 in Maces & Flails
    32 | D        | Reached skill level 1 in Polearms
    32 | D        | Reached skill level 1 in Staves
    32 | D        | Reached skill level 1 in Ranged Weapons
    32 | D        | Reached skill level 1 in Throwing
    32 | D        | Reached skill level 1 in Dodging
    32 | D        | Reached skill level 1 in Stealth
    32 | D        | Reached skill level 1 in Unarmed Combat
    32 | D        | Reached skill level 1 in Spellcasting
    32 | D        | Reached skill level 1 in Evocations
    54 | D        | Noticed an iguana
    58 | D        | Reached skill level 1 in Conjurations
    58 | D        | Reached skill level 1 in Hexes
    58 | D        | Reached skill level 1 in Summonings
    58 | D        | Reached skill level 1 in Necromancy
    58 | D        | Reached skill level 1 in Translocations
    58 | D        | Reached skill level 1 in Fire Magic
    58 | D        | Reached skill level 1 in Ice Magic
    58 | D        | Reached skill level 1 in Air Magic
    58 | D        | Reached skill level 1 in Earth Magic
    58 | D        | Reached skill level 1 in Alchemy
    58 | D        | Reached skill level 1 in Shapeshifting
    58 | D        | Reached XP level 2. HP: 29/29 MP: 4/4
    68 | D        | Reached XP level 3. HP: 35/35 MP: 5/5
    75 | D        | Reached skill level 5 in Long Blades
   145 | D        | Found a roughly hewn altar of Beogh.
   145 | D        | Found a snail-covered altar of Cheibriados.
   145 | D        | Found a shadowy altar of Dithmenos.
   145 | D        | Found a white marble altar of Elyvilon.
   145 | D        | Found a blossoming altar of Fedhas.
   145 | D        | Found an opulent altar of Gozag.
   146 | D        | Found a hazy altar of Hepliaklqana.
   147 | D        | Found a viscous altar of Jiyva.
   148 | D        | Found an ancient bone altar of Kikubaaqudgha.
   149 | D        | Found a corrupted altar of Lugonu.
   150 | D        | Found a burning altar of Makhleb.
   151 | D        | Found a sparkling altar of Nemelex Xobeh.
   152 | D        | Found an iron altar of Okawaru.
   153 | D        | Found a stormy altar of Qazlal.
   154 | D        | Found a sacrificial altar of Ru.
   155 | D        | Found a shimmering blue altar of Sif Muna.
   156 | D        | Found a bloodstained altar of Trog.
   157 | D        | Found a hide-covered altar of Uskayaw.
   158 | D        | Found a radiant altar of Vehumet.
   159 | D        | Found an ornate altar of the Wu Jian Council.
   160 | D        | Found a shimmering altar of Xom.
   161 | D        | Found a basalt altar of Yredelemnul.
   162 | D        | Found a glowing silver altar of Zin.
   163 | D        | Became a worshipper of Sif Muna the Loreminder
   164 | D        | Found a glowing golden altar of the Shining One.
   213 | D        | Noticed a killer bee
   213 | D        | Noticed a yak
   213 | D        | Noticed a centaur
   213 | D        | Noticed a steam dragon
   219 | D        | Killed a killer bee
   220 | D        | Reached XP level 4. HP: 43/43 MP: 6/8
   224 | D        | Reached XP level 5. HP: 48/48 MP: 6/9
   226 | D        | Killed a yak
   226 | D        | Reached * piety under Sif Muna
   227 | D        | Reached XP level 6. HP: 56/56 MP: 6/12
   230 | D        | Reached skill level 5 in Invocations
   232 | D        | Reached skill level 5 in Short Blades
   232 | D        | Reached skill level 5 in Axes
   232 | D        | Reached skill level 5 in Maces & Flails
   232 | D        | Reached skill level 5 in Polearms
   232 | D        | Reached skill level 5 in Staves
   232 | D        | Reached skill level 5 in Ranged Weapons
   232 | D        | Reached skill level 5 in Throwing
   232 | D        | Reached skill level 5 in Dodging
   232 | D        | Reached skill level 5 in Stealth
   232 | D        | Reached skill level 5 in Unarmed Combat
   232 | D        | Reached skill level 5 in Spellcasting
   232 | D        | Reached skill level 5 in Evocations
   241 | D        | Killed a steam dragon
   241 | D        | Reached ** piety under Sif Muna
   242 | D        | Reached skill level 5 in Shapeshifting
   242 | D        | Reached XP level 7. HP: 32/63 MP: 9/15
   340 | D        | Noticed a kobold demonologist
   340 | D        | Noticed a cyclops
   340 | D        | Noticed a brown ugly thing
   340 | D        | Noticed a cyclops
   340 | D        | Noticed a two-headed ogre
   341 | D        | Noticed a sixfirhy
   356 | D        | Killed a brown ugly thing
   357 | D        | Reached skill level 5 in Conjurations
   357 | D        | Reached skill level 5 in Hexes
   357 | D        | Reached skill level 5 in Summonings
   357 | D        | Reached skill level 5 in Necromancy
   357 | D        | Reached skill level 5 in Translocations
   357 | D        | Reached skill level 5 in Fire Magic
   357 | D        | Reached skill level 5 in Ice Magic
   357 | D        | Reached skill level 5 in Air Magic
   357 | D        | Reached skill level 5 in Earth Magic
   357 | D        | Reached skill level 5 in Alchemy
   357 | D        | Reached XP level 8. HP: 18/71 MP: 15/17
   359 | D        | Killed a kobold demonologist
   389 | D        | Killed a cyclops
   389 | D        | Reached *** piety under Sif Muna
   392 | D        | Killed a two-headed ogre
   393 | D        | Reached skill level 10 in Fighting
   393 | D        | Reached skill level 10 in Armour
   393 | D        | Reached skill level 10 in Shields
   393 | D        | Reached XP level 9. HP: 53/78 MP: 18/20
   396 | D        | Killed a cyclops
   492 | D        | Noticed Harold
   503 | D        | Slain by Harold

Illustrated notes

Levels and vault maps discovered:
D:        linesprint [early_d, line_temple, items_1, d_10, items_2, lair_1,
          lair_end, items_3, orc_1, orc_end, items_4, d_15, swamp_1, shoals_1,
          snake_1, spider_1, d_20, vaults_1, items_5, swamp_end, shoals_end,
          snake_end, spider_end, vaults_end, d_27, items_6, zot_1, zot_end,
          crypt_end, forest_end, elf_end, slime_end, tomb_end, abyss_end,
          pan_hell_end]

Skill      XL: |  1  2  3  4  5  6  7  8  9 |
---------------+----------------------------+-----
Invocations    | 1 2 3 4 6 8 |  8.8
Short Blades   | 1 3 4 5 6 7 8 |  8.0
Axes           | 1 3 4 5 6 7 8 |  8.0
Maces & Flails | 1 3 4 5 6 7 8 |  8.0
Polearms       | 1 3 4 5 6 7 8 |  8.0
Staves         | 1 3 4 5 6 7 8 |  8.0
Ranged Weapons | 1 3 4 5 6 7 8 |  8.0
Throwing       | 1 3 4 5 6 7 8 |  8.0
Dodging        | 1 3 4 5 6 7 8 |  8.0
Stealth        | 1 3 4 5 6 7 8 |  8.0
Unarmed Combat | 1 3 4 5 6 7 8 |  8.0
Spellcasting   | 1 3 4 5 6 7 8 |  8.0
Evocations     | 1 3 4 5 6 7 8 |  8.0
Conjurations   | 1 2 3 4 5 6 |  6.7
Hexes          | 1 2 3 4 5 6 |  6.7
Summonings     | 1 2 3 4 5 6 |  6.7
Necromancy     | 1 2 3 4 5 6 |  6.7
Translocations | 1 2 3 4 5 6 |  6.7
Fire Magic     | 1 2 3 4 5 6 |  6.7
Ice Magic      | 1 2 3 4 5 6 |  6.7
Air Magic      | 1 2 3 4 5 6 |  6.7
Earth Magic    | 1 2 3 4 5 6 |  6.7
Alchemy        | 1 2 3 4 5 6 |  6.7
Shapeshifting  | 1 2 3 4 5 7 |  7.3
Fighting       | 7 8 9 10 | 10.4
Long Blades    | 5 6 7 9 |  9.3
Armour         | 7 8 9 10 | 10.4
Shields        | 7 8 9 10 | 10.4

Action                     |  1- 3 |  4- 6 |  7- 9 || total
---------------------------+-------+-------+-------++-------
  Melee: Long sword        |    47 |       |       ||    47
         Bite              |     7 |     5 |     3 ||    15
         Scimitar          |     4 |    19 |    25 ||    48
 Invoke: Channel Magic     |       |       |     1 ||     1
  Evoke: Wand              |       |       |     3 ||     3
    Use: Potion            |     2 |     1 |     8 ||    11
   Stab: Distracted        |       |       |     1 ||     1
 Armour: Scale mail        |    27 |       |       ||    27
         Ring mail         |     6 |    22 |    21 ||    49
  Dodge: Dodged            |    14 |    10 |    16 ||    40
  Block: Buckler           |    13 |     5 |     6 ||    24

Table legend: (Time is in decaauts)
 A = Elapsed time spent in this place.
 B = Non-inter-level travel time spent in this place.
 C = Inter-level travel time spent in this place.
 D = Time resting spent in this place.
 E = Time spent auto-exploring this place.
 F = Levels seen in this place.
 G = Mean time per level.
                   A        B        C        D        E       F      G
               +--------+--------+--------+--------+--------+-----+--------+
         Total |    501 |    501 |      0 |    267 |     15 |   1 |  501.0 |
       Dungeon |    501 |    501 |      0 |    267 |     15 |   1 |  501.0 |
               +--------+--------+--------+--------+--------+-----+--------+

Top non-repeatable levels by time:
       D: 501 daAuts
